 Dungeon Crawl Stone Soup version 0.27.1-33-g824d729ab1 (webtiles) character file.

Game seed: 10247016270234373708

5825 halfoni the Cleaver (level 11, -1/84 HPs)
             Began as a Human Berserker on Dec 18, 2021.
             Was a High Priest of Trog.
             Slain by a boulder beetle (15 damage)
             ... on level 9 of the Dungeon.
             The game lasted 00:23:32 (12722 turns).

halfoni the Cleaver (Human Berserker)              Turns: 12722, Time: 00:23:33

Health: -1/84      AC: 19    Str: 20    XL:     11   Next: 7%
Magic:  11/11      EV:  6    Int:  8    God:    Trog [*****.]
Gold:   418        SH: 17    Dex: 19    Spells: 10/10 levels left

rFire    . . .     SeeInvis .   H - +1 war axe (flame)
rCold    . . .     Faith    .   d - +0 kite shield
rNeg     . . .     Spirit   .   m - +1 plate armour
rPois    .         Reflect  +   r - +0 helmet
rElec    .         Harm     .   v - +0 cloak
rCorr    .         Rampage  .   (no gloves)
Will     .....                  G - +1 pair of boots
Stlth    ..........             f - amulet of reflection
HPRegen  0.24/turn              n - +4 ring of slaying
MPRegen  0.12/turn              j - +6 ring of dexterity

@: on berserk cooldown, slowed, very slow
A: no striking features
a: Renounce Religion, Berserk, Trog's Hand, Brothers in Arms


You were on level 9 of the Dungeon.
You worshipped Trog.
Trog was extremely pleased with you.
You visited 1 branch of the dungeon, and saw 9 of its levels.
You also visited: Sewer.

You collected 418 gold pieces.

Inventory:

Hand Weapons
 H - a +1 war axe of flaming (weapon)
Missiles
 k - 7 javelins
 C - 2 throwing nets (quivered)
Armour
 c - a +1 leather armour of poison resistance
 d - a +0 kite shield (worn)
 m - a +1 plate armour (worn)
 r - a +0 helmet (worn)
 v - a +0 cloak (worn)
 G - a +1 pair of boots (worn)
Jewellery
 e - a ring of poison resistance
 f - an amulet of reflection (around neck)
 h - a ring of flight
 j - a +6 ring of dexterity (right hand)
 n - a +4 ring of slaying (left hand)
 s - a ring of ice
Wands
 q - a wand of iceblast (7)
 y - a wand of digging (6)
 F - a wand of acid (2)
Scrolls
 b - 2 scrolls of blinking
 l - 2 scrolls of enchant weapon
 t - 3 scrolls of teleportation
 u - 2 scrolls of enchant armour
Potions
 a - 4 potions of flight {unknown}
 g - a potion of ambrosia
 i - 3 potions of heal wounds
 o - 2 potions of curing
 p - 2 potions of invisibility
 w - 2 potions of brilliance
 x - 2 potions of haste
 z - 3 potions of magic {unknown}
 A - 2 potions of mutation {unknown}
 B - a potion of might {unknown}
 D - a potion of berserk rage {unknown}
 E - 2 potions of lignification {unknown}


   Skills:
 * Level 7.0 Fighting
 + Level 9.5 Axes
 + Level 0.1 Throwing
 * Level 6.9 Armour
 + Level 3.0 Dodging
 - Level 0.9 Stealth
 * Level 8.9 Shields


You had 10 spell levels left.
You didn't know any spells.
Your spell library was empty.

Dungeon Overview and Level Annotations

Branches:
Dungeon (9/15)             Temple (0/1) D:5           Sewer (visited)
   Lair: D:8-11         Orc: D:9-12

Altars:
Yredelemnul

Shops:
D:6 *


Message History

* * * LOW HITPOINT WARNING * * *
You slice the boulder beetle!! You burn the boulder beetle.
The boulder beetle is moderately wounded.
The boulder beetle barely misses you.
The boulder beetle leaps!
The boulder beetle curls into a ball and begins rolling!
Things that are here:
a +0 mace; a +3 ring mail; an orc skeleton The centaur wields a +0 shortbow.
The centaur shoots an arrow.
You reflect the arrow off an invisible shield around you!
The arrow hits the centaur.
The centaur shoots an arrow.
The arrow hits you but does no damage. The boulder beetle barely misses you.
The boulder beetle stops rolling and uncurls.
You see here a steam dragon skeleton.
You're still recovering from your berserk rage.
You hit the boulder beetle but do no damage.
The boulder beetle is moderately wounded.
The centaur shoots an arrow.
You reflect the arrow off an invisible shield around you!
The arrow closely misses the centaur.
The centaur shoots an arrow.
The arrow hits you but does no damage. You block the boulder beetle's attack.
The centaur shoots an arrow.
You reflect the arrow off an invisible shield around you!
The arrow hits the centaur.
You hit the boulder beetle but do no damage.
The boulder beetle is moderately wounded.
The centaur shoots an arrow.
You reflect the arrow off an invisible shield around you!
The arrow hits the centaur!
You kill the centaur!
Trog accepts your kill.
The boulder beetle bites you but does no damage.
You block the boulder beetle's attack.
You hit the boulder beetle but do no damage.
The boulder beetle is moderately wounded.
You block the boulder beetle's attack. x2
You hit the boulder beetle but do no damage.
The boulder beetle is moderately wounded.
The boulder beetle bites you but does no damage.
The boulder beetle bites you!
You die...

# . #......... ####.
..####......... ...#. #####
.....)........ ...... ..°.
............ .# #.###.#
#.#........ .###.....#
#..<....>.. ....#....###
#.........[ .........°.#
###..........
..........B####B@..........
>..........○.#.).#.........
...........................
...............#####.......
#.........)..#...# ##.....
.........######### #...
..........# .. ..........#
..........##


You could see a boulder beetle.

Vanquished Creatures
  Harold (D:9)
  The ghost of dianekeaton the Basher, a novice MiBe of Trog (D:5)
  A manticore (D:9)
  A hornet (D:8)
  Sigmund (D:3)
  2 wyverns
  A steam dragon (D:9)
  A water moccasin (D:7)
  An ice beast (D:4)
  2 hornet zombies
  3 sky beasts
  2 black bears
  An ogre (D:5)
  2 orc warriors (D:8)
  2 centaurs
  A kobold brigand (D:8)
  4 bullfrogs
  Blork the orc (D:4)
  A gnoll sergeant (D:6)
  A scorpion (D:5)
  A water moccasin skeleton (D:5)
  3 killer bees
  4 wights (D:7)
  6 howler monkeys (D:8)
  3 bullfrog zombies
  3 centaur zombies
  2 jellies (D:8)
  5 hounds
  4 orc priests
  A bullfrog skeleton (D:5)
  2 centaur skeletons
  Ijyb (D:3)
  Natasha (thrice) (D:2)
  An orc wizard (D:8)
  A killer bee zombie (D:5)
  2 hound zombies (D:5)
  A hound skeleton (D:4)
  A howler monkey zombie (D:5)
  Robin (D:3)
  8 adders
  3 gnolls (D:6)
  A howler monkey skeleton (D:7)
  6 river rats
  A shadow imp (D:8)
  A white imp (D:6)
  An adder zombie (D:5)
  A worm (D:4)
  A dart slug (D:4)
  18 orcs
  5 endoplasms
  2 giant cockroaches
  14 goblins
  14 hobgoblins
  6 jackals
  8 quokkas
  14 ball pythons
  5 bats
  6 frilled lizards
  19 kobolds
  30 rats
239 creatures vanquished.

Vanquished Creatures (others)
  A vampire (D:9)
  A goblin (D:3)
  2 withered plants (D:5)
4 creatures vanquished.

Grand Total: 243 creatures vanquished

Notes
Turn   | Place    | Note
-------+----------+-------------------------------------------
     0 | D:1      | halfoni the Human Berserker began the quest for the Orb.
     0 | D:1      | Reached XP level 1. HP: 18/18 MP: 1/1
    39 | D:1      | Reached XP level 2. HP: 19/24 MP: 2/2
  1132 | D:1      | Reached XP level 3. HP: 29/29 MP: 3/3
  1152 | D:1      | Reached ** piety under Trog
  1497 | D:1      | Found a faded altar of an unknown god.
  2035 | D:2      | Noticed Natasha
  2050 | D:2      | Killed Natasha
  2051 | D:2      | Reached XP level 4. HP: 7/35 MP: 4/4
  2618 | D:2      | Noticed Natasha
  2625 | D:2      | Killed Natasha
  2626 | D:2      | Reached skill level 4 in Axes
  2626 | D:2      | Reached skill level 1 in Shields
  2799 | D:2      | Reached XP level 5. HP: 39/41 MP: 5/5
  2862 | D:2      | Noticed Natasha
  2872 | D:2      | Killed Natasha
  3486 | D:3      | Noticed Robin
  3500 | D:3      | Killed Robin
  3500 | D:3      | Noticed Ijyb
  3519 | D:3      | Killed Ijyb
  3989 | D:3      | Reached XP level 6. HP: 48/48 MP: 6/6
  4148 | D:3      | Noticed Sigmund
  4164 | D:3      | Killed Sigmund
  4165 | D:3      | Reached skill level 5 in Axes
  4165 | D:3      | Reached XP level 7. HP: 51/53 MP: 7/7
  4727 | D:4      | Noticed Blork the orc
  4734 | D:4      | Killed Blork the orc
  4834 | D:4      | Reached *** piety under Trog
  5170 | D:4      | Found a glowing drain.
  5183 | Sewer    | Entered a sewer
  5704 | Sewer    | Reached skill level 6 in Axes
  5709 | Sewer    | Reached **** piety under Trog
  6093 | Sewer    | Reached XP level 8. HP: 60/60 MP: 8/8
  6967 | D:5      | Entered Level 5 of the Dungeon
  7008 | D:5      | Noticed a wyvern
  7013 | D:5      | Killed a wyvern
  7186 | D:5      | Found a staircase to the Ecumenical Temple.
  7405 | D:5      | Reached skill level 5 in Shields
  7512 | D:5      | Reached skill level 7 in Axes
  7545 | D:5      | Found a runed translucent gate.
  7546 | D:5      | Found a runed translucent gate.
  7547 | D:5      | Found a runed translucent gate.
  7547 | D:5      | Noticed dianekeaton's ghost (novice MiBe)
  7584 | D:5      | Reached XP level 9. HP: 66/66 MP: 9/9
  7906 | D:5      | Killed dianekeaton's ghost
  7907 | D:5      | Reached skill level 5 in Fighting
  7907 | D:5      | Reached skill level 5 in Armour
  8307 | D:6      | Found Enevoega's General Store.
  8960 | D:6      | Reached ***** piety under Trog
  8961 | D:6      | Reached skill level 8 in Axes
  9608 | D:7      | Reached XP level 10. HP: 66/76 MP: 10/10
 11750 | D:8      | Found a basalt altar of Yredelemnul.
 11869 | D:8      | Reached skill level 9 in Axes
 12363 | D:9      | Noticed Harold
 12506 | D:9      | Killed Harold
 12668 | D:9      | Noticed a manticore
 12668 | D:9      | Noticed a boulder beetle
 12684 | D:9      | Killed a manticore
 12685 | D:9      | Reached XP level 11. HP: 84/84 MP: 11/11
 12722 | D:9      | Slain by a boulder beetle

Illustrated notes

Levels and vault maps discovered:
D:1:      minmay_arrival_up_and_down, layout_loops_corners,
          chequers_ecumenical_altar_simple_redux, minmay_misc_feat_doors,
          hex_medium
D:2:      layout_loops_ring, uniq_natasha
D:3:      layout_basic, uniq_ijyb, uniq_sigmund, uniq_robin
D:4:      layout_gridville, gup_sewer_entry_spiral, uniq_blork_the_orc
D:5:      layout_loops_ring, minmay_temple_entry_junction_2,
          gammafunk_ghost_split, serial_undead, serial_undead_c,
          serial_undead_c, serial_undead_a, serial_undead_f
D:6:      layout_basic, serial_shops, shop
D:7:      layout_cave_pods, chequers_serial_rivers_micro_c
D:8:      layout_loops_ring, mainiacjoe_overflow_six_doors_small
D:9:      layout_rooms, grunt_tough_drop, uniq_harold

Skill      XL: |  1  2  3  4  5  6  7  8  9 10 |
---------------+-------------------------------+-----
Axes           | 4 5 6 7 8 9 |  9.5
Shields        | 1 2 3 5 7 8 |  8.9
Armour         | 3 4 5 6 |  6.9
Fighting       | 4 5 7 |  7.0
Dodging        | 3 |  3.0
Throwing       | |  0.1
Stealth        | |  0.9

Action                   |  1- 3 |  4- 6 |  7- 9 | 10-12 || total
-------------------------+-------+-------+-------+-------++-------
Melee: Hand axe          |   112 |    95 |   176 |       ||   383
       War axe           |       |       |   158 |   140 ||   298
Throw: Javelin           |       |       |       |     1 ||     1
       Throwing net      |       |       |       |     1 ||     1
Invok: Berserk           |     2 |     4 |    13 |     7 ||    26
  Use: Scroll            |       |       |    16 |     3 ||    19
       Potion            |       |       |     1 |       ||     1
Armor: Leather armour    |    18 |    21 |       |       ||    39
       Animal skin       |     6 |       |       |       ||     6
       Plate armour      |       |    33 |   216 |    93 ||   342
Dodge: Dodged            |    68 |    27 |    54 |    30 ||   179
Block: Kite shield       |    19 |    35 |   240 |   150 ||   444
       Reflection        |       |       |       |    13 ||    13
